AoeStats
← *MJT-Iwnl*

Runestones

508450072Analyzed
1v1 RM · 10d ago on Sep 22, 2026· 37m 48s· 2 players
Game mode
Random Map
Map size
Tiny (2 player)
Population
200
Speed
Normal
Resources
Standard
Victory
Conquest
Starting age
Dark Age
Ending age
Imperial Age
RankedLock teamsTeams togetherTeam positionsShared explorationLock speedFull tech treeHidden civsTurbo modeCheats
Victory
Defeat
🇮🇹 Goths · Italy
963
+16
🇩🇪 Khmer · Germany
953
-16
*MJT-Iwnl*
8:26 Loom
10:35 Feudal Age
14:14 Castle Age
19:47 Double-Bit Axe
20:42 Crossbowman
22:13 Padded Archer Armor
30:37 Horse Collar
31:32 Stone Mining
31:46 Gold Mining
Polejadro
1:34 Loom
10:26 Feudal Age
10:55 Man-at-Arms
13:02 Double-Bit Axe
20:30 Castle Age
19:20 Scale Mail Armor
21:23 Squires
29:19 Forging
30:11 Pikeman
34:07 Padded Archer Armor
33:57 Fletching
34:23 Chain Mail Armor
34:44 Iron Casting
Connection lost

Rejoining the realm…

Still unreachable

The connection could not be restored.

Session expired

The server has moved on; the page needs a fresh start.